 Dungeon Crawl Stone Soup version 0.21.0-3-g78d12a8 (webtiles) character file.

33 Mourdos the Skirmisher (level 3, -3/26 HPs)
             Began as an Octopode Fighter on Jan 10, 2018.
             Slain by Agrougrou's ghost (14 damage)
             ... on level 3 of the Dungeon.
             The game lasted 00:05:43 (1103 turns).

Mourdos the Skirmisher (Octopode Fighter)           Turns: 1103, Time: 00:05:43

Health: -3/26      AC:  1    Str: 21    XL:     3   Next: 29%
Magic:  3/3        EV: 11    Int: 10    God:
Gold:   52         SH:  9    Dex: 11    Spells: 2/2 levels left

rFire    . . .     SeeInvis .   a - +0 war axe
rCold    . . .     Gourm    .   b - +0 shield
rNeg     . . .     Faith    .   (helmet restricted)
rPois    .         Spirit   .   (no amulet)
rElec    .         Reflect  .   (no ring)
rCorr    .         Harm     .   (no ring)
MR       .....                  (no ring)
Stlth    ++........             (no ring)
HPRegen  0.08/turn              (no ring)
MPRegen  0.08/turn              (no ring)
                                (no ring)
                                (no ring)

@: mighty
A: almost no armour, stealthy swim, amphibious, 8 rings, constrict 8, camouflage
1, gelatinous body 1
a: no special abilities


You were on level 3 of the Dungeon.
You were not hungry.

You visited 1 branch of the dungeon, and saw 3 of its levels.

You collected 52 gold pieces.

Inventory:

Hand Weapons
 a - a +0 war axe (weapon)
 g - a cursed +0 hand axe
Missiles
 k - 8 poisoned needles
Armour
 b - a +0 shield (worn)
 j - a +0 large shield
Scrolls
 e - a scroll of magic mapping {unknown}
 h - a scroll of fog {unknown}
 l - a scroll of identify {unknown}
 m - a scroll of enchant weapon {unknown}
 o - a scroll of fear {unknown}
Potions
 i - a potion of degeneration {unknown}
 n - a potion of agility {unknown}
Comestibles
 d - 4 rations
 f - 4 chunks of flesh


   Skills:
 + Level 3.3 Fighting
 + Level 2.5 Axes
 + Level 3.3 Dodging
 + Level 0.8 Stealth
 + Level 3.1 Shields


You had 2 spell levels left.
You didn't know any spells.

Dungeon Overview and Level Annotations

Branches:
Dungeon (3/15)

Altars:

Annotations:
D:3 Agrougrou's ghost, amateur BaFi


Innate Abilities, Weirdness & Mutations

You cannot wear most types of armour.
You are very stealthy in the water. (Stealth+)
You are amphibious.
You can wear up to eight rings at the same time.
You can use your tentacles to constrict eight enemies at once.
Your skin changes colour to match your surroundings (Stealth+).
Your rubbery body absorbs attacks. (AC +1, EV +1)


Message History

Found a centaur barding.
You see here a spear.
Found a stone staircase leading up.
You closely miss Agrougrou's ghost. You squeeze Agrougrou's ghost!
Agrougrou's ghost is moderately damaged.
Agrougrou's ghost hits you! Agrougrou's ghost hits you.
You hit Agrougrou's ghost but do no damage.
Agrougrou's ghost is moderately damaged.
Agrougrou's ghost barely misses you.
You hit Agrougrou's ghost.
Agrougrou's ghost is moderately damaged.
You block Agrougrou's ghost's attack. Agrougrou's ghost hits you.
You are too injured to fight recklessly!
Okay, then.
Quiver which item? (- for none, * to show all) (? for menu, Esc to quit)
Okay, then.
You feel very mighty all of a sudden. Agrougrou's ghost hits you!
Ouch! That really hurt!
You die...

####.# ....
#######.#####
#.รท.........#
#.##..#.###.# #
#.##..#.## .##.###
#.##.....# ......#
#.#......##..?.[.#
#.#.#...@W.......#
#.......)###....<#
###.#....# ....#
#.#.##.# ####
#.#.##.###
##........#
#.......#.###
#.#..#......
#.#)....#.###


You could see Agrougrou's ghost.

Vanquished Creatures
  An adder (D:3)
  A leopard gecko (D:1)
  An orc (D:3)
  A giant cockroach (D:1)
  6 hobgoblins
  A quokka (D:3)
  2 ball pythons (D:3)
  4 bats (D:1)
  2 frilled lizards (D:1)
  2 kobolds
  A rat (D:1)
22 creatures vanquished.

Notes
Turn   | Place    | Note
-------+----------+-------------------------------------------
     0 | D:1      | Mourdos the Octopode Fighter began the quest for the Orb.
     0 | D:1      | Reached XP level 1. HP: 16/16 MP: 1/1
   272 | D:1      | Reached XP level 2. HP: 18/21 MP: 2/2
   797 | D:2      | You fall through a shaft!
   853 | D:3      | Reached XP level 3. HP: 11/26 MP: 3/3
  1081 | D:3      | Noticed Agrougrou's ghost (amateur BaFi)
  1103 | D:3      | Slain by Agrougrou's ghost

Action                   || total
-------------------------++-------
Melee: War axe           ||    37
       Tentacles         ||     8
       Constrict         ||    10
  Use: Potion            ||     1
 Stab: Sleeping          ||     6
  Eat: Chunk             ||     1
Armor: Skin              ||     1
Dodge: Dodged            ||    15
Block: Shield            ||    11
